AoeStats
← Cartel

Black Forest

509028946Analyzed
4v4 RM · 7d ago on Sep 25, 2026· 43m 18s· 8 players
Game mode
Random Map
Map size
Large (8 player)
Population
200
Speed
Normal
Resources
Standard
Victory
Conquest
Starting age
Dark Age
Ending age
Imperial Age
RankedLock teamsTeams togetherTeam positionsShared explorationLock speedFull tech treeHidden civsTurbo modeCheats
Victory
Defeat
🇨🇳 Britons · China
1194
+17
🇨🇳 Japanese · China
1189
+17
🇨🇳 Franks · China
1177
+18
🇨🇳 Vietnamese · China
1142
+19
🇷🇺 Bohemians · Russia
1264
-20
🇹🇼 Danes · Taiwan
1248
-19
🇺🇸 Jurchens · United States
1201
-17
🇹🇷 Spanish · Türkiye
1157
-15
乌兰巴托
1:23 Loom
11:44 Feudal Age
12:56 Double-Bit Axe
15:45 Castle Age
17:13 Bow Saw
17:57 Fishing Lines
22:37 Gillnets
26:49 Caravan
27:36 Wheelbarrow
28:49 Hand Cart
28:29 Fletching
28:40 Padded Archer Armor
28:33 Town Watch
29:36 Bodkin Arrow
31:32 Ballistics
33:46 Imperial Age
31:15 Gold Mining
31:47 Leather Archer Armor
32:41 Forging
32:31 Scale Mail Armor
32:22 Pikeman
33:03 Squires
32:48 Arson
35:03 Yeomen
35:11 Conscription
35:38 Guilds
36:41 Chemistry
35:48 Siege Engineers
36:12 Bracer
36:43 Ring Archer Armor
36:23 Halberdier
37:20 Chain Mail Armor
37:42 Iron Casting
36:54 Elite Longbowman
37:32 Man-at-Arms
37:58 Gambesons
38:01 Elite Skirmisher
38:05 Cranequins
39:00 Warwolf
40:30 Plate Mail Armor
39:23 Long Swordsman
43:53 Blast Furnace
42:17 Imperial Skirmisher
、小普
11:22 Feudal Age
15:02 Castle Age
12:51 Double-Bit Axe
12:50 Horse Collar
15:34 Loom
22:31 Bow Saw
23:53 Heavy Plow
29:30 Imperial Age
27:12 Pikeman
27:52 Squires
28:31 Scale Mail Armor
28:42 Forging
28:35 Gold Mining
28:35 Stone Mining
29:18 Stone Mining
30:01 Chain Mail Armor
29:37 Fletching
30:23 Elite Fire Lancer
30:33 Onager
31:38 Ballistics
31:05 Arrowslits
31:02 Treadmill Crane
32:35 Two-Man Saw
32:03 Elite Skirmisher
33:15 Plate Mail Armor
33:21 Iron Casting
33:13 Elite Fire Lancer
33:33 Imperial Skirmisher
34:02 Arson
35:24 Wheelbarrow
34:34 Town Watch
34:48 Town Watch
34:37 Halberdier
35:09 Arrowslits
36:24 Chemistry
35:09 Crossbowman
35:49 Bodkin Arrow
35:54 Padded Archer Armor
36:51 Guilds
36:42 Caravan
36:56 Guilds
37:09 Bracer
37:44 Crop Rotation
37:56 Stone Shaft Mining
38:18 Paper Money
39:57 Devotion
39:53 Herbal Medicine
游离
12:30 Feudal Age
16:13 Castle Age
14:31 Double-Bit Axe
17:29 Bow Saw
18:17 Wheelbarrow
25:42 Hand Cart
25:26 Gold Mining
25:23 Loom
29:34 Imperial Age
27:49 Caravan
27:47 Town Watch
28:13 Scale Barding Armor
28:19 Forging
29:40 Chain Barding Armor
29:58 Gold Shaft Mining
29:14 Stone Mining
30:14 Coinage
30:10 Husbandry
29:38 Cavalier
30:28 Husbandry
31:27 Plate Barding Armor
31:27 Iron Casting
32:06 Paladin
32:07 Light Cavalry
32:20 Capped Ram
34:32 Blast Furnace
33:37 Scale Mail Armor
33:04 Pikeman
33:30 Gambesons
33:45 Squires
33:32 Arson
35:20 Conscription
41:33 Chivalry
42:09 Hoardings
围家建筑工
0:27 Loom
12:34 Feudal Age
14:51 Double-Bit Axe
15:01 Horse Collar
18:00 Castle Age
25:52 Wheelbarrow
25:30 Bow Saw
25:36 Gold Mining
32:15 Imperial Age
29:32 Town Watch
29:52 Fishing Lines
30:39 Heavy Plow
30:55 Scale Mail Armor
30:56 Padded Archer Armor
31:17 Caravan
31:52 Coinage
32:15 Chain Mail Armor
32:05 Scale Barding Armor
33:20 Kataparuto
32:25 Pikeman
33:05 Squires
32:51 Arson
34:03 Plate Mail Armor
34:00 Ballistics
34:37 Fortified Wall
34:49 Halberdier
37:33 Forging
37:14 Fletching
37:45 Chain Barding Armor
37:55 Conscription
38:59 Two-Man Saw
38:06 Elite Samurai
40:13 Hand Cart
42:22 Iron Casting
41:42 Bodkin Arrow
42:03 Leather Archer Armor
petey_hs
0:50 Loom
12:29 Feudal Age
14:31 Town Watch
16:58 Castle Age
15:38 Double-Bit Axe
17:07 Horse Collar
18:18 Fletching
18:40 Bow Saw
19:56 Gold Mining
21:39 Fishing Lines
22:20 Fishing Lines
23:51 Gillnets
24:52 Heavy Plow
27:11 Wheelbarrow
27:28 Light Cavalry
30:32 Bloodlines
31:08 Bodkin Arrow
33:45 Imperial Age
31:56 Gold Shaft Mining
32:01 Scale Barding Armor
32:07 Forging
32:30 Husbandry
33:41 Hand Cart
33:12 Town Watch
33:51 Chain Barding Armor
34:07 Padded Archer Armor
33:33 Elite Skirmisher
35:52 Chemistry
35:13 Ballistics
34:49 Murder Holes
34:34 Treadmill Crane
34:52 Murder Holes
35:10 Masonry
34:57 Murder Holes
35:07 Scale Mail Armor
35:13 Bracer
35:52 Squires
36:18 Conscription
35:59 Hussar
36:58 Leather Archer Armor
37:17 Caravan
38:59 Stone Mining
39:43 Ring Archer Armor
39:49 Iron Casting
39:53 Plate Barding Armor
40:21 Two-Man Saw
40:47 Siege Engineers
Cartel
4:35 Loom
11:08 Feudal Age
12:05 Double-Bit Axe
12:24 Fishing Lines
20:17 Castle Age
18:10 Fletching
18:30 Stone Mining
18:30 Gold Mining
21:53 Gillnets
25:03 Imperial Age
23:32 Bodkin Arrow
23:37 Padded Archer Armor
24:37 Stone Shaft Mining
24:48 Wheelbarrow
25:25 Leather Archer Armor
25:42 Bow Saw
26:47 Bracer
27:17 Ring Archer Armor
28:04 Chemistry
27:44 Block Printing
29:11 Wheelbarrow
28:39 Town Watch
30:22 Inquisition
29:45 Elite Conquistador
31:34 Hand Cart
31:55 Fervor
32:40 Ballistics
32:54 Town Patrol
34:06 Two-Man Saw
33:30 Conscription
34:17 Scale Barding Armor
34:22 Forging
34:06 Horse Collar
34:52 Redemption
34:12 Cavalier
35:03 Bloodlines
34:53 Husbandry
36:00 Paladin
36:50 Heavy Plow
38:16 Chain Barding Armor
38:31 Iron Casting
40:16 Plate Barding Armor
mydogqmi
11:41 Feudal Age
15:47 Castle Age
14:15 Double-Bit Axe
15:30 Fishing Lines
20:08 Bow Saw
20:43 Wheelbarrow
20:54 Horse Collar
21:53 Town Watch
22:54 Gillnets
24:18 Loom
24:27 Gold Mining
24:28 Stone Mining
25:21 Heavy Plow
26:47 Hand Cart
30:19 Imperial Age
29:14 Forging
29:05 Scale Mail Armor
29:26 Squires
29:13 Gambesons
30:26 Gold Shaft Mining
30:26 Stone Shaft Mining
30:52 Iron Casting
31:01 Ballistics
30:26 Onager
30:51 Elite Varangian Guard
32:46 Chemistry
33:41 Pikeman
35:33 Chain Mail Armor
36:19 Blast Furnace
35:10 Fletching
35:10 Siege Onager
35:49 Halberdier
36:53 Town Patrol
37:26 Plate Mail Armor
37:40 Conscription
36:42 Hamask
impossible
0:49 Loom
11:50 Feudal Age
17:01 Castle Age
15:33 Double-Bit Axe
15:42 Horse Collar
18:12 Bow Saw
18:55 Heavy Plow
27:00 Wheelbarrow
26:38 Town Watch
30:50 Imperial Age
29:31 Hand Cart
29:24 Padded Archer Armor
29:43 Wagenburg Tactics
30:49 Chemistry
30:26 Leather Archer Armor
31:18 Ballistics
30:59 Houfnice
32:02 Conscription
33:31 Ring Archer Armor
34:00 Pikeman
34:40 Squires
34:42 Scale Mail Armor
34:53 Forging
35:50 Chain Mail Armor
35:43 Siege Engineers
35:48 Masonry
Connection lost

Rejoining the realm…

Still unreachable

The connection could not be restored.

Session expired

The server has moved on; the page needs a fresh start.